 Dungeon Crawl Stone Soup version 0.28.0-45-g0d030f2227 (webtiles) character file.

Game seed: 1727563190240323455

75 protoss039 the Digger (level 4, 33/33 HPs)
             Began as a Demonspawn Earth Elementalist on May 28, 2022.
             Got out of the dungeon alive.
             The game lasted 00:02:25 (1546 turns).

protoss039 the Digger (DsEE)                        Turns: 1546, Time: 00:02:26

Health: 33/33      AC:  3    Str:  8    XL:     4   Next: 11%
Magic:  7/7        EV: 12    Int: 18    God:
Gold:   69         SH:  0    Dex: 14    Spells: 4/7 levels left

rFire   . . .      SeeInvis .   k - +0 spear
rCold   . . .      Faith    .   (no shield)
rNeg    . . .      Spirit   .   b - +0 robe
rPois   .          Reflect  .   a - +0 helmet
rElec   .          Harm     .   (no cloak)
rCorr   .          Rampage  .   (no gloves)
Will    .....                   (no boots)
Stlth   ++........              (no amulet)
HPRegen 0.11/turn               (no ring)
MPRegen 0.20/turn               (no ring)

@: no status effects
A: demonic guardian 1, magic regeneration
a: no special abilities


You escaped.
You visited 1 branch of the dungeon, and saw 2 of its levels.

You collected 69 gold pieces.

Inventory:

Hand Weapons
 k - a +0 spear (weapon)
Missiles
 c - 43 stones
 j - 2 throwing nets
Armour
 a - a +0 helmet (worn)
 b - a +0 robe (worn)
Scrolls
 e - a scroll of brand weapon {unknown}
 f - a scroll of torment {unknown}
 g - a scroll of enchant weapon {unknown}
 h - a scroll of immolation {unknown}
 i - a scroll of identify {unknown}


   Skills:
 * Level 2.2 Fighting
 + Level 1.3 Armour
 - Level 1.7 Dodging
 - Level 1.7 Stealth
 + Level 2.4 Spellcasting
 - Level 1.0 Transmutations
 + Level 3.1 Earth Magic


You had 4 spell levels left.
You knew the following spells:

 Your Spells              Type           Power      Damage    Failure   Level
a - Sandblast             Erth           26%        2d8       4%          1
b - Passwall              Tmut/Erth      7%         N/A       11%         2

Your spell library contained the following spells:

 Spells                   Type           Power      Damage    Failure   Level
 Summon Small Mammal      Summ           8%         N/A       17%         1
 Stone Arrow              Conj/Erth      14%        3d7       26%         3
 Call Canine Familiar     Summ           2%         N/A       45%         3
 Summon Guardian Golem    Hex/Summ       2%         N/A       45%         3
 Petrify                  Tmut/Erth      9%         N/A       58%         4


Dungeon Overview and Level Annotations

Branches:
Dungeon (2/15)

Altars:


Innate Abilities, Weirdness & Mutations

A weak demonic guardian rushes to your aid.
You regenerate magic rapidly.


Message History

Confirm with . or Enter, or press ? or * to list all spells.
Aiming: Sandblast (safe; 4% risk of failure)
Press: ? - help, Shift-Dir - straight line, f - kobold
Aim: a kobold, wielding a +0 club (74% to hit)
The blast of sand misses the kobold.
Unknown command.
Casting: Sandblast (safe; 4% risk of failure)
Confirm with . or Enter, or press ? or * to list all spells.
Aiming: Sandblast (safe; 4% risk of failure)
Press: ? - help, Shift-Dir - straight line, f/p - kobold
Aim: a kobold, wielding a +0 club (74% to hit)
The blast of sand hits the kobold.
The kobold is moderately wounded.
The kobold barely misses you.
Unknown command.
Casting: Sandblast (safe; 4% risk of failure)
Confirm with . or Enter, or press ? or * to list all spells.
Aiming: Sandblast (safe; 4% risk of failure)
Press: ? - help, Shift-Dir - straight line, f/p - kobold
Aim: a kobold, wielding a +0 club (moderately wounded, 74% to hit)
The blast of sand hits the kobold!
You kill the kobold!
The ball python barely misses you. x2
Unknown command.
Casting: Sandblast (safe; 4% risk of failure)
Confirm with . or Enter, or press ? or * to list all spells.
Aiming: Sandblast (safe; 4% risk of failure)
Press: ? - help, Shift-Dir - straight line, f - ball python
Aim: a ball python (77% to hit)
The blast of sand hits the ball python!
You kill the ball python!
Unknown command.
You see here the -6 pair of boots of the True Pharaoh {Fly rPois Will- MP+9}.
There is an open door here.
You see here 21 arrows.
There is an escape hatch in the ceiling here.
A mysterious force pulls you upwards. The hatch slams shut behind you.
There is a staircase leading out of the dungeon here.
Are you sure you want to leave the Dungeon?
This will make you lose the game!
You have escaped!

#.######รท........>......##....##>
#.###....#######......#######....
.................................
..######.#######.###....###......
..# #..## #.###....######.#. ###
##..# ##.##......## #.##
##.####...####....####.##
#######.........####...##.#
#####..#.......@.......###.##.#
#.....#####.........#### #.##.#
#.##### ####...#### #..#.# ##.#
##.##### ####...# #..# #.....##
#.....### .)## #####..###........
..### ##......##.###
....####################...#...#
..#........................#...#


There were no monsters in sight!

Vanquished Creatures
  3 gnolls (D:2)
  2 adders (D:2)
  2 ball pythons
  4 endoplasms
  3 goblins (D:1)
  3 hobgoblins
  A quokka (D:2)
  5 bats
  A frilled lizard (D:1)
  4 kobolds
  2 rats
30 creatures vanquished.

Notes
Turn   | Place    | Note
-------+----------+-------------------------------------------
     0 | D:1      | protoss039 the Demonspawn Earth Elementalist began the
                  | quest for the Orb.
     0 | D:1      | Reached XP level 1. HP: 13/13 MP: 3/3
   100 | D:1      | Reached skill level 1 in Transmutations
   486 | D:1      | Gained mutation: You regenerate magic rapidly. [demonic
                  | ancestry]
   486 | D:1      | Reached XP level 2. HP: 19/20 MP: 3/5
   586 | D:1      | Found a faded altar of an unknown god.
   658 | D:1      | Reached skill level 1 in Fighting
   887 | D:1      | Learned a level 2 spell: Passwall
  1244 | D:2      | Reached skill level 1 in Armour
  1244 | D:2      | Reached XP level 3. HP: 26/26 MP: 2/6
  1252 | D:2      | Reached skill level 3 in Earth Magic
  1451 | D:2      | Gained mutation: A weak demonic guardian rushes to your
                  | aid. [demonic ancestry]
  1451 | D:2      | Reached XP level 4. HP: 33/33 MP: 2/7
  1490 | D:2      | Identified the -6 pair of boots of the True Pharaoh {Fly
                  | rPois Will- MP+9}
  1546 | D:$      | Got out of the dungeon alive.

Illustrated notes

Levels and vault maps discovered:
D:1:      dpeg_arrival_rhombus, layout_rooms, ebering_ecumenical_altar_abandoned
D:2:      layout_basic, amcnicky_mini_rare_corridor_liquid,
          minmay_misc_feat_plants

Skill      XL: |  1  2  3 |
---------------+----------+-----
Transmutations | 1 |  1.0
Fighting       | 1 2 |  2.2
Armour         | 1 |  1.3
Earth Magic    | 3 |  3.1
Dodging        | |  1.7
Stealth        | |  1.7
Spellcasting   | |  2.4

Action                   |  1- 3 |  4- 6 || total
-------------------------+-------+-------++-------
Melee: Short sword       |    42 |       ||    42
       Spear             |     3 |       ||     3
 Cast: Sandblast         |    32 |     4 ||    36
 Stab: Sleeping          |     2 |       ||     2
Armor: Robe              |    19 |       ||    19
Dodge: Dodged            |    38 |     3 ||    41
